 Dungeon Crawl Stone Soup version 0.27.1 (webtiles) character file.

Game seed: 1671903238614694632

83 ZARRMARR the Magician (level 4, -3/24 HPs)
             Began as a Deep Elf Hedge Wizard on Aug 29, 2021.
             Slain by Grinder (5 damage)
             ... on level 3 of the Dungeon.
             The game lasted 00:08:57 (2864 turns).

ZARRMARR the Magician (Deep Elf Hedge Wizard)       Turns: 2864, Time: 00:08:58

Health: -3/24      AC:  6    Str:  7    XL:     4   Next: 22%
Magic:  11/14      EV: 12    Int: 20    God:
Gold:   64         SH:  0    Dex: 14    Spells: 14/15 levels left

rFire    . . .     SeeInvis .   a - +0 dagger
rCold    . . .     Faith    .   (no shield)
rNeg     . . .     Spirit   .   b - +0 robe
rPois    .         Reflect  .   h - +2 helmet
rElec    .         Harm     .   k - +0 cloak
rCorr    .         Rampage  .   (no gloves)
Will     .....                  (no boots)
Stlth    ++........             (no amulet)
HPRegen  0.08/turn              (no ring)
MPRegen  0.14/turn              (no ring)

@: about to teleport
A: no striking features
a: no special abilities


You were on level 3 of the Dungeon.
You visited 1 branch of the dungeon, and saw 3 of its levels.

You collected 64 gold pieces.

Inventory:

Hand Weapons
 a - a +0 dagger (weapon)
Missiles
 m - 24 arrows
Armour
 b - a +0 robe (worn)
 h - a +2 helmet (worn)
 k - a +0 cloak (worn)
Jewellery
 g - a ring of fire
Scrolls
 c - a scroll of immolation
 e - 2 scrolls of holy word
 f - 2 scrolls of teleportation
 i - 2 scrolls of amnesia
 j - a scroll of silence
 l - a scroll of enchant armour {unknown}
Potions
 d - a potion of attraction
 n - a potion of curing {unknown}


   Skills:
 - Level 2.4 Dodging
 - Level 2.4 Stealth
 + Level 6.3 Spellcasting
 + Level 2.5 Conjurations
 - Level 1.1 Summonings
 - Level 1.1 Translocations


You had 14 spell levels left.
You knew the following spells:

 Your Spells              Type           Power      Damage    Failure   Level
a - Magic Dart            Conj           64%        1d6       3%          1

Your spell library contained the following spells:

 Spells                   Type           Power      Damage    Failure   Level
 Blink                    Tloc           N/A        N/A       10%         2
 Call Imp                 Summ           10%        N/A       10%         2
 Slow                     Hex            6%         N/A       16%         2
 Sublimation of Blood     Necr           3%         N/A       16%         2
 Wereblood                Tmut           6%         N/A       16%         2
 Conjure Flame            Conj/Fire      11%        6-21      19%         3
 Mephitic Cloud           Conj/Pois/Air  9%         N/A       22%         3
 Summon Hydra             Summ           5%         N/A       100%        7


Dungeon Overview and Level Annotations

Branches:
Dungeon (3/15)

Altars:

Annotations:
D:3 Grinder


Message History

The adder closely misses you.
Aiming: Magic Dart (safe; 3% risk of failure)
Press: ? - help, Q - select action Shift-Dir - straight line, f/p - adder
Aim: an adder (moderately wounded, 100% to hit)
The magic dart hits the adder.
The adder is severely wounded.
The adder bites you but does no damage.
Aiming: Magic Dart (safe; 3% risk of failure)
Press: ? - help, Q - select action Shift-Dir - straight line, f/p - adder
Aim: an adder (severely wounded, 100% to hit)
The magic dart hits the adder.
You kill the adder!
Grinder says, "You look like you could use a good racking."
An orc comes into view. It is wielding a +0 club.
Aiming: Magic Dart (safe; 3% risk of failure)
Press: ? - help, Q - select action Shift-Dir - straight line, f - Grinder
Aim: Grinder (100% to hit)
The magic dart hits Grinder.
Grinder is lightly wounded.
The orc shouts!
Grinder gestures at you.
You suddenly lose the ability to move!
Grinder barely misses you. Grinder hits you but does no damage.
Grinder hits you!
You writhe in agony.
Grinder hits you.
You writhe in agony.
* * * LOW HITPOINT WARNING * * *
The hobgoblin hits you but does no damage.
Grinder hits you but does no damage.
The hobgoblin hits you but does no damage.
Grinder gestures at you. Pain shoots through your body!
* * * LOW HITPOINT WARNING * * *
You can move again.
As you read the scroll of teleportation, it crumbles to dust.
You feel strangely unstable. The hobgoblin closely misses you.
Grinder hits you.
* * * LOW HITPOINT WARNING * * *
You writhe in agony.
You die...

###......# ..'......#
###......######
...............
...............
#######..######
...............
################### +
##.'@g# ## ##..##5o.#
.# ##.#..#..## ###
##.#..###... ..#
##.#.....#..## .###
##.#..#..###.# #..#
##.#..#.##..#..
..#####.#..#.##..###.#
##..##.#..#.#####..#


You could see Grinder, an orc and a hobgoblin.

Vanquished Creatures
  2 adders (D:3)
  2 worms (D:2)
  A dart slug (D:3)
  5 ball pythons
  2 endoplasms (D:1)
  6 giant cockroaches
  3 goblins
  3 hobgoblins
  4 quokkas
  5 bats
  2 frilled lizards
  4 kobolds
  22 rats
61 creatures vanquished.

Notes
Turn   | Place    | Note
-------+----------+-------------------------------------------
     0 | D:1      | ZARRMARR the Deep Elf Hedge Wizard began the quest for the
                  | Orb.
     0 | D:1      | Reached XP level 1. HP: 10/10 MP: 7/7
   409 | D:1      | Reached skill level 5 in Spellcasting
   436 | D:1      | Reached XP level 2. HP: 15/15 MP: 7/10
   927 | D:2      | Found a faded altar of an unknown god.
  1228 | D:2      | Reached XP level 3. HP: 12/19 MP: 0/12
  1949 | D:2      | Reached skill level 6 in Spellcasting
  2213 | D:3      | Noticed Grinder
  2599 | D:3      | Reached XP level 4. HP: 23/24 MP: 1/14
  2857 | D:3      | Paralysed by Grinder for 7 turns
  2864 | D:3      | Slain by Grinder

Illustrated notes

Levels and vault maps discovered:
D:1:      dpeg_arrival_houses_and_road, layout_rooms
D:2:      layout_loops_ring, ebering_ecumenical_altar_sacrificial,
          minmay_rat_hole
D:3:      minmay_razor_zed, layout_basic, minmay_goblin_kobold_house,
          uniq_grinder, uniq_natasha

Skill      XL: |  1  2  3 |
---------------+----------+-----
Spellcasting   | 5 6 |  6.3
Conjurations   | 2 |  2.5
Dodging        | |  2.4
Stealth        | |  2.4
Summonings     | |  1.1
Translocations | |  1.1

Action                   |  1- 3 |  4- 6 || total
-------------------------+-------+-------++-------
Melee: Dagger            |    10 |       ||    10
 Cast: Magic Dart        |   150 |    12 ||   162
  Use: Scroll            |     6 |     1 ||     7
       Potion            |     1 |       ||     1
 Stab: Sleeping          |     1 |       ||     1
Armor: Robe              |    10 |     5 ||    15
Dodge: Dodged            |    20 |     3 ||    23
